General information
- name: BNet
- type: Ladder team game (AT/RT)
- host: Battle.net
- saver: BEAR_AND
map: BloodstoneMesa
- players: 6
- length: 33:00
- speed: Fast
- version: 1.27 W3XP
- replay type:

» download(324 KB)
Players
team 1 (loser)

»
PiELLE (
blue | 132 APM | 4319 actions | 32:45)
4 Tauren Chieftain
2 War Stomp
2 Endurance Aura
3 Shadow Hunter
2 Healing Wave
1 Hex
» actions
| Assign group hotkey | 152 | |
| Basic commands | 143 | |
| Build / train | 84 | |
| ESC pressed | 1 | |
| Enter build submenu | 20 | |
| Enter hero's abilities submenu | 7 | |
| Give item / drop item | 4 | |
| Right click | 2494 | |
| Select / deselect | 422 | |
| Select group hotkey | 905 | |
| Use ability | 87 | |
4319 total
» units
| Peon | 7 | |
| Troll Headhunter/Berserker | 34 | |
| Shaman | 9 | |
| Demolisher | 6 | |
56 total
» upgrades
| Ranged Weapons | 3 | |
| Troll Regeneration | 1 | |
| Berserker Upgrade | 1 | |
| Shaman Training | 2 | |
| Armor | 2 | |
| Reinforced Defenses | 1 | |
| Burning Oil | 1 | |
11 total
» buildings
| Altar of Storms | 1 | |
| Orc Burrow | 6 | |
| Barracks | 2 | |
| War Mill | 1 | |
| Voodoo Lounge | 2 | |
| Stronghold | 1 | |
| Fortress | 1 | |
| Spirit Lodge | 1 | |
| Great Hall | 2 | |
17 total
» build order
00:07 Altar of Storms
00:10 Orc Burrow
00:53 Barracks
01:40 War Mill
01:48 Barracks
02:03 Orc Burrow
02:19 Voodoo Lounge
03:07 Voodoo Lounge
04:42 Orc Burrow
06:54 Orc Burrow
07:26 Stronghold
11:08 Fortress
13:33 Spirit Lodge
18:15 Orc Burrow
18:16 Orc Burrow
20:05 Great Hall
29:19 Great Hall
» items
| Healing Salve | 2 | |
| Lesser Clarity Potion | 1 | |
| Scroll of Town Portal | 1 | |
4 total
POUDRE (
teal | 103 APM | 3385 actions | 32:51)
5 Mountain King
3 Storm Bolt
1 Bash
1 Thunder Clap
3 Paladin
1 Holy Light
1 Devotion Aura
1 Divine Shield
» actions
| Assign group hotkey | 59 | |
| Basic commands | 56 | |
| Build / train | 79 | |
| ESC pressed | 7 | |
| Enter build submenu | 19 | |
| Enter hero's abilities submenu | 8 | |
| Remove unit from queue | 1 | |
| Right click | 1997 | |
| Select / deselect | 394 | |
| Select group hotkey | 696 | |
| Use ability | 69 | |
3385 total
» units
| Peasant | 14 | |
| Footman | 11 | |
| Gryphon Rider | 28 | |
| Knight | 1 | |
54 total
» upgrades
| Swords | 3 | |
| Defend | 1 | |
| Storm Hammers | 1 | |
| Armor | 3 | |
| Animal War Training | 1 | |
9 total
» buildings
| Altar of Kings | 1 | |
| Barracks | 2 | |
| Farm | 12 | |
| Blacksmith | 1 | |
| Arcane Vault | 1 | |
| Keep | 1 | |
| Castle | 1 | |
| Town Hall | 1 | |
| Lumber Mill | 1 | |
| Gryphon Aviary | 2 | |
23 total
» build order
00:08 Altar of Kings
00:37 Barracks
01:08 Farm
01:10 Farm
01:12 Farm
01:13 Farm
01:14 Farm
02:06 Blacksmith
02:37 Barracks
03:48 Arcane Vault
04:47 Keep
05:31 Farm
05:33 Farm
05:34 Farm
05:35 Farm
07:01 Farm
07:11 Castle
08:19 Town Hall
10:09 Lumber Mill
11:43 Gryphon Aviary
13:59 Farm
14:01 Farm
14:31 Gryphon Aviary
» items
| Scroll of Regeneration | 1 | |
| Scroll of Town Portal | 2 | |
3 total
tartoch (
orange | 82 APM | 2701 actions | 32:58)
3 Mountain King
2 Storm Bolt
1 Bash
4 Archmage
2 Summon Water Elemental
2 Blizzard
» actions
| Assign group hotkey | 49 | |
| Basic commands | 76 | |
| Build / train | 116 | |
| ESC pressed | 2 | |
| Enter build submenu | 18 | |
| Enter hero's abilities submenu | 7 | |
| Remove unit from queue | 5 | |
| Right click | 1646 | |
| Select / deselect | 364 | |
| Select group hotkey | 368 | |
| Use ability | 50 | |
2701 total
» units
| Peasant | 45 | |
| Footman | 3 | |
| Rifleman | 35 | |
| Priest | 3 | |
| Sorceress | 4 | |
90 total
» upgrades
| Gunpowder | 2 | |
| Defend | 1 | |
| Long Rifles | 1 | |
| Armor | 1 | |
| Magic Sentry | 1 | |
6 total
» buildings
| Altar of Kings | 1 | |
| Farm | 7 | |
| Blacksmith | 3 | |
| Barracks | 1 | |
| Keep | 1 | |
| Castle | 3 | |
| Arcane Sanctum | 1 | |
| Town Hall | 1 | |
| Lumber Mill | 1 | |
19 total
» build order
00:19 Altar of Kings
00:32 Farm
01:15 Blacksmith
01:20 Barracks
02:01 Farm
02:22 Blacksmith
04:38 Farm
06:05 Keep
06:54 Farm
07:34 Farm
11:31 Farm
11:56 Castle
12:26 Farm
15:37 Castle
19:54 Arcane Sanctum
20:52 Town Hall
21:53 Lumber Mill
25:26 Castle
32:21 Blacksmith
team 2 (winner)
BEAR_AND (
pink | 145 APM | 4772 actions | 33:00)
4 Warden
2 Shadow Strike
2 Blink
5 Pandaren Brewmaster
3 Breath of Fire
2 Drunken Haze
» actions
| Assign group hotkey | 16 | |
| Basic commands | 3 | |
| Build / train | 63 | |
| Enter build submenu | 15 | |
| Enter hero's abilities submenu | 9 | |
| Give item / drop item | 4 | |
| Right click | 3388 | |
| Select / deselect | 402 | |
| Select group hotkey | 540 | |
| Use ability | 331 | |
4772 total
» units
» upgrades
| Nature's Blessing | 1 | |
| Well Spring | 1 | |
| Ultravision | 1 | |
| Strength of the Wild | 3 | |
| Reinforced Hides | 3 | |
| Corrosive Breath | 1 | |
10 total
» buildings
| Altar of Elders | 1 | |
| Moon Well | 7 | |
| Tree of Ages | 1 | |
| Ancient of Wind | 1 | |
| Tree of Eternity | 2 | |
| Hunter's Hall | 1 | |
| Chimaera Roost | 1 | |
| Tree of Life | 2 | |
| Ancient of Wonders | 1 | |
17 total
» build order
00:07 Altar of Elders
00:18 Moon Well
01:14 Moon Well
03:27 Tree of Ages
03:40 Moon Well
06:10 Ancient of Wind
06:25 Moon Well
10:59 Tree of Eternity
10:59 Tree of Eternity
11:21 Hunter's Hall
14:17 Chimaera Roost
19:37 Moon Well
19:38 Moon Well
19:39 Moon Well
24:40 Tree of Life
29:40 Ancient of Wonders
30:13 Tree of Life
» items
| Healing Salve | 6 | |
| Lesser Clarity Potion | 4 | |
| Scroll of Regeneration | 1 | |
| Orb of Lightning | 2 | |
| Scroll of Town Portal | 1 | |
| Staff of Preservation | 1 | |
15 total
EstimatedSearch (
purple | 130 APM | 4291 actions | 32:59)
8 Blademaster
3 Wind Walk
3 Critical Strike
1 Bladestorm
1 Mirror Image
» actions
| Assign group hotkey | 144 | |
| Basic commands | 35 | |
| Build / train | 87 | |
| ESC pressed | 7 | |
| Enter build submenu | 67 | |
| Enter hero's abilities submenu | 8 | |
| Remove unit from queue | 1 | |
| Right click | 2806 | |
| Select / deselect | 476 | |
| Select group hotkey | 257 | |
| Use ability | 402 | |
4291 total
» units
» upgrades
| Spiked Barricades | 1 | |
| Ranged Weapons | 2 | |
| Liquid Fire | 1 | |
4 total
» buildings
| Altar of Storms | 2 | |
| Orc Burrow | 8 | |
| War Mill | 1 | |
| Watch Tower | 44 | |
| Voodoo Lounge | 2 | |
| Stronghold | 1 | |
| Beastiary | 2 | |
| Fortress | 2 | |
| Great Hall | 4 | |
66 total
» build order
00:11 Altar of Storms
00:16 Orc Burrow
00:25 War Mill
01:35 Orc Burrow
01:43 Orc Burrow
01:48 Watch Tower
02:03 Voodoo Lounge
02:10 Watch Tower
02:48 Watch Tower
03:14 Watch Tower
03:28 Watch Tower
04:42 Stronghold
04:49 Watch Tower
05:01 Watch Tower
05:04 Watch Tower
05:08 Watch Tower
05:30 Watch Tower
05:33 Watch Tower
05:40 Orc Burrow
06:08 Watch Tower
06:09 Watch Tower
06:11 Watch Tower
06:21 Watch Tower
06:25 Watch Tower
07:04 Watch Tower
07:05 Watch Tower
07:08 Watch Tower
07:12 Beastiary
07:28 Beastiary
07:44 Watch Tower
08:29 Fortress
08:29 Fortress
09:55 Orc Burrow
10:12 Voodoo Lounge
11:21 Great Hall
11:32 Watch Tower
11:33 Watch Tower
11:36 Watch Tower
11:42 Watch Tower
13:52 Great Hall
13:58 Watch Tower
14:00 Watch Tower
14:01 Watch Tower
14:03 Watch Tower
15:12 Watch Tower
15:13 Watch Tower
15:14 Watch Tower
15:16 Watch Tower
19:53 Great Hall
20:00 Watch Tower
20:00 Watch Tower
20:02 Watch Tower
20:02 Watch Tower
20:03 Watch Tower
20:05 Watch Tower
20:05 Watch Tower
20:06 Watch Tower
20:09 Watch Tower
20:10 Watch Tower
20:10 Watch Tower
20:11 Watch Tower
23:03 Great Hall
30:47 Altar of Storms
31:05 Orc Burrow
31:05 Orc Burrow
31:54 Orc Burrow
» items
| Healing Salve | 6 | |
| Lesser Clarity Potion | 14 | |
| Scroll of Speed | 5 | |
| Orb of Lightning | 1 | |
| Scroll of Town Portal | 2 | |
| Potion of Healing | 1 | |
| Scroll of Regeneration | 1 | |
30 total
iggy_the_fisk (
green | 133 APM | 4387 actions | 32:59)
5 Archmage
3 Blizzard
2 Brilliance Aura
5 Blood Mage
3 Flame Strike
2 Siphon Mana
3 Pit Lord
2 Rain of Fire
1 Cleaving Attack
» actions
| Assign group hotkey | 524 | |
| Basic commands | 33 | |
| Build / train | 180 | |
| Enter build submenu | 116 | |
| Enter hero's abilities submenu | 14 | |
| Give item / drop item | 5 | |
| Remove unit from queue | 1 | |
| Right click | 1778 | |
| Select / deselect | 497 | |
| Select group hotkey | 970 | |
| Use ability | 268 | |
4387 total
» units
» upgrades
| Masonry | 3 | |
| Lumber Harvesting | 2 | |
| Magic Sentry | 1 | |
6 total
» buildings
| Altar of Kings | 1 | |
| Farm | 3 | |
| Lumber Mill | 1 | |
| Scout Tower | 127 | |
| Arcane Tower | 12 | |
| Guard Tower | 89 | |
| Arcane Vault | 4 | |
| Keep | 1 | |
| Castle | 1 | |
| Town Hall | 3 | |
| Arcane Sanctum | 1 | |
243 total
» build order
00:04 Altar of Kings
00:20 Farm
00:35 Lumber Mill
00:42 Farm
01:23 Scout Tower
01:28 Scout Tower
01:36 Scout Tower
01:37 Scout Tower
01:44 Scout Tower
01:45 Scout Tower
01:46 Scout Tower
01:49 Scout Tower
01:49 Scout Tower
01:51 Arcane Tower
01:56 Scout Tower
02:18 Guard Tower
02:19 Arcane Tower
02:21 Scout Tower
02:42 Guard Tower
02:43 Scout Tower
03:00 Guard Tower
03:19 Guard Tower
03:20 Scout Tower
03:21 Scout Tower
03:30 Guard Tower
03:30 Scout Tower
03:38 Arcane Vault
03:50 Guard Tower
03:54 Arcane Vault
04:21 Guard Tower
04:22 Scout Tower
04:23 Scout Tower
04:25 Keep
04:27 Arcane Tower
04:28 Guard Tower
04:30 Scout Tower
04:35 Scout Tower
04:36 Scout Tower
05:02 Guard Tower
05:14 Scout Tower
05:17 Scout Tower
05:32 Guard Tower
05:32 Guard Tower
05:33 Scout Tower
05:39 Scout Tower
05:40 Scout Tower
05:41 Guard Tower
05:41 Guard Tower
05:44 Scout Tower
05:46 Scout Tower
06:03 Guard Tower
06:04 Scout Tower
06:06 Arcane Tower
06:45 Guard Tower
06:46 Scout Tower
06:46 Scout Tower
06:47 Scout Tower
06:50 Scout Tower
07:08 Scout Tower
07:09 Scout Tower
07:12 Scout Tower
07:13 Scout Tower
07:14 Guard Tower
07:22 Arcane Tower
07:40 Guard Tower
07:44 Scout Tower
07:46 Guard Tower
08:10 Guard Tower
08:23 Scout Tower
08:24 Scout Tower
08:26 Guard Tower
08:53 Guard Tower
08:54 Scout Tower
08:55 Scout Tower
09:10 Scout Tower
09:16 Arcane Tower
09:19 Scout Tower
09:54 Castle
09:57 Guard Tower
10:02 Scout Tower
10:03 Scout Tower
10:11 Guard Tower
10:18 Scout Tower
10:18 Scout Tower
10:22 Farm
11:25 Guard Tower
11:26 Scout Tower
11:27 Scout Tower
11:33 Town Hall
11:35 Scout Tower
11:36 Scout Tower
11:36 Scout Tower
11:37 Scout Tower
11:39 Scout Tower
11:40 Scout Tower
11:41 Scout Tower
11:41 Scout Tower
11:42 Scout Tower
12:05 Arcane Sanctum
12:20 Guard Tower
12:22 Arcane Tower
12:24 Scout Tower
12:25 Scout Tower
12:27 Guard Tower
12:41 Guard Tower
13:00 Scout Tower
13:01 Scout Tower
13:10 Guard Tower
13:25 Guard Tower
13:33 Scout Tower
13:33 Scout Tower
13:34 Scout Tower
13:35 Scout Tower
13:55 Guard Tower
13:55 Guard Tower
13:56 Guard Tower
14:04 Guard Tower
14:10 Guard Tower
14:10 Guard Tower
14:11 Guard Tower
14:21 Guard Tower
14:23 Guard Tower
14:32 Arcane Tower
14:32 Guard Tower
14:55 Guard Tower
14:55 Guard Tower
14:56 Guard Tower
14:56 Guard Tower
15:00 Guard Tower
15:00 Guard Tower
15:01 Guard Tower
15:06 Guard Tower
15:08 Scout Tower
15:09 Scout Tower
15:11 Guard Tower
15:21 Arcane Vault
15:48 Guard Tower
15:52 Scout Tower
15:53 Scout Tower
15:53 Scout Tower
16:20 Guard Tower
16:46 Guard Tower
17:34 Guard Tower
17:37 Scout Tower
17:38 Scout Tower
18:01 Scout Tower
18:02 Scout Tower
19:00 Guard Tower
19:06 Scout Tower
19:23 Guard Tower
19:30 Scout Tower
19:31 Scout Tower
20:19 Guard Tower
20:36 Arcane Tower
22:18 Scout Tower
22:20 Scout Tower
22:22 Scout Tower
22:23 Scout Tower
22:25 Scout Tower
22:26 Scout Tower
22:27 Scout Tower
22:27 Scout Tower
22:49 Arcane Tower
22:52 Guard Tower
22:54 Scout Tower
22:59 Guard Tower
23:00 Scout Tower
23:01 Scout Tower
23:03 Scout Tower
23:14 Scout Tower
23:16 Scout Tower
23:16 Scout Tower
23:25 Guard Tower
24:00 Guard Tower
24:01 Scout Tower
24:02 Scout Tower
24:05 Town Hall
24:08 Scout Tower
24:09 Scout Tower
24:09 Scout Tower
24:17 Arcane Tower
24:38 Arcane Tower
24:38 Guard Tower
24:39 Guard Tower
24:54 Guard Tower
24:56 Scout Tower
24:57 Scout Tower
24:58 Scout Tower
24:59 Scout Tower
27:07 Town Hall
27:10 Scout Tower
27:10 Scout Tower
27:11 Scout Tower
27:11 Scout Tower
27:12 Scout Tower
27:13 Scout Tower
27:15 Scout Tower
27:15 Scout Tower
27:16 Scout Tower
27:16 Scout Tower
27:17 Scout Tower
27:19 Scout Tower
27:20 Scout Tower
27:20 Scout Tower
27:21 Scout Tower
27:25 Guard Tower
27:34 Scout Tower
28:19 Guard Tower
28:30 Guard Tower
28:39 Guard Tower
28:52 Guard Tower
28:53 Guard Tower
28:53 Guard Tower
29:04 Guard Tower
29:18 Guard Tower
29:27 Scout Tower
29:44 Scout Tower
29:44 Guard Tower
29:57 Guard Tower
29:58 Scout Tower
30:23 Guard Tower
30:24 Scout Tower
30:25 Scout Tower
30:28 Scout Tower
30:29 Guard Tower
30:41 Scout Tower
30:44 Guard Tower
30:51 Guard Tower
30:56 Guard Tower
30:59 Scout Tower
31:22 Guard Tower
31:59 Guard Tower
32:06 Guard Tower
32:07 Scout Tower
32:38 Guard Tower
32:43 Arcane Vault
» items
| Scroll of Regeneration | 7 | |
| Mechanical Critter | 1 | |
| Scroll of Town Portal | 6 | |
| Staff of Sanctuary | 2 | |
| Orb of Lightning | 2 | |
18 total
Chat log
(00:53 / All) BEAR_AND: hi
(00:55 / All) BEAR_AND: fr?
(01:00 / All) PiELLE: FERME LA
(01:32 / All) BEAR_AND: sorry
(32:45 / All) POUDRE: lamers
(32:48 / All) iggy_the_fisk: noobs
(32:56 / All) BEAR_AND: bye